 Dungeon Crawl Stone Soup version 0.18-a0-382-gd7addec (webtiles) character file.

14 Ordine the Insei (level 2, 0/18 HPs)
             Began as an Octopode Transmuter on Nov 30, 2015.
             Slain by a goblin (4 damage)
             ... on level 1 of the Dungeon.
             The game lasted 00:01:33 (263 turns).

Ordine the Insei (Octopode Transmuter)               Turns: 263, Time: 00:01:33

Health: 0/18       AC:  1    Str:  9    XL:     2   Next: 41%
Magic:  4/5        EV: 12    Int: 15    God:
Gold:   11         SH:  0    Dex: 12    Spells: 1 memorised, 4 levels left

rFire  . . .     SeeInvis .       - Unarmed
rCold  . . .     Clarity  .     (no shield)
rNeg   . . .     SustAt   .     (helmet restricted)
rPois  .         Gourm    .     (no amulet)
rElec  .         Spirit   .     (no ring)
rCorr  .         Warding  .     (no ring)
rMut   .         Stasis   .     (no ring)
MR     .....                    (no ring)
Stlth  ++........               (no ring)
                                (no ring)
                                (no ring)
                                (no ring)

@: appendage, not resistant to hostile enchantments, unstealthy
A: almost no armour, amphibious, 8 rings, constrict 8, tentacle spike 3,
camouflage 1, gelatinous body 1
a: End Transformation


You were on level 1 of the Dungeon.
You were not hungry.
One of your tentacles had a temporary spike.
You visited 1 branch of the dungeon, and saw 1 of its levels.

You collected 11 gold pieces.

Inventory:

Jewellery
 i - an uncursed ring of fire {unknown}
Scrolls
 a - a scroll of teleportation {unknown}
 d - 2 scrolls of identify {unknown}
 e - a scroll of fear {unknown}
 g - a scroll of immolation {unknown}
 h - a scroll of enchant armour {unknown}
 j - a scroll of remove curse {unknown}
Books
 b - a book of Changes

   Spells                             Type                      Level
   a - Beastly Appendage              Transmutation                1
   b - Sticks to Snakes               Transmutation                2
   c - Spider Form                    Transmutation/Poison         3
   d - Ice Form                       Ice/Transmutation            4
   e - Blade Hands                    Transmutation                5
Comestibles
 c - 2 bread rations
 f - 3 chunks of flesh


   Skills:
 - Level 1.0 Fighting
 - Level 2.0 Dodging
 - Level 3.0 Unarmed Combat
 - Level 2.0 Spellcasting
 + Level 3.0 Transmutations


You had 4 spell levels left.
You knew the following spells:

 Your Spells              Type           Power        Failure   Level  Hunger
a - Beastly Appendage     Trmt           ##....       8%          1    #......


Dungeon Overview and Level Annotations

Branches:
Dungeon (1/15)

Altars:


Innate Abilities, Weirdness & Mutations

You cannot wear most types of armour.
You are amphibious.
You can wear up to eight rings at the same time.
You can use your tentacles to constrict eight enemies at once.
Your skin changes colour to match your surroundings (Stealth).
Your rubbery body absorbs attacks (AC +1).
One of your tentacles bears a large vicious spike.


Message History

Found a hand axe and 9 gold pieces.
A goblin comes into view.
The goblin shouts!
The kobold hits you with a short sword.
You barely miss the kobold. Your grab misses the kobold.
The kobold closely misses you.
You tentacle-slap the kobold but do no damage.
Your grab misses the kobold. The goblin hits you.
The kobold hits you with a short sword.
You closely miss the kobold. Your grab misses the kobold. The goblin hits you.
* * * LOW HITPOINT WARNING * * *
The kobold misses you.
You are too injured to fight recklessly!
You are too injured to fight recklessly!
You are too injured to fight recklessly!
Casting: Beastly Appendage
Confirm with . or Enter, or press ? or * to list all spells.
One of your tentacles grows a vicious spike.
The goblin hits you.
You die...

# #)# $# . #.# ..# .##
#.# #..## ... .........
#.##### #######.#.#..#
#. #.#...#
.............#...
#.'.<.# .######K#.##.#.#
#.#...# .......g........
#.#####.
#######@###..###
......... #...........#
#.##+##.# #.#.).....#.#
#.# #.#.###...#.# ...
+.# #.#.# #...#.# .. #.#
#####.#.# #...#.# .##
#.## #.......# ##..#.#
###..## ....
#.###.#######.#)#
#...>.. ######
#.###.........#)###....#


You could see a goblin and a kobold.

Vanquished Creatures
  A giant gecko (D:1)
  A giant cockroach (D:1)
  3 goblins (D:1)
  2 hobgoblins (D:1)
  A kobold (D:1)
  2 bats (D:1)
  A rat (D:1)
11 creatures vanquished.

Notes
Turn   | Place    | Note
--------------------------------------------------------------
     0 | D:1      | Ordine the Octopode Transmuter began the quest for the Orb.
     0 | D:1      | Reached XP level 1. HP: 13/13 MP: 3/3
   171 | D:1      | Reached XP level 2. HP: 12/18 MP: 3/5
   263 | D:1      | Slain by a goblin

Vault maps used:
D:1:      minmay_arrival_four_houses, tso_metal_star

Action                   || total
-------------------------++-------
Melee: Unarmed           ||    25
 Cast: Beastly Appendage ||     2
